 Dungeon Crawl Stone Soup version 0.31-a0-977-gc230f8ef24 (webtiles) character file.

Game seed: 12876306421809551214

523 Armakuni the Caller (level 7, 0/46 (52) HPs)
             Began as a Human Summoner on Oct 28, 2023.
             Was an Initiate of the Shining One.
             Slain by a wight
             ... wielding a +0 scimitar
              (5 damage)
             ... on level 5 of the Dungeon on Oct 29, 2023.
             The game lasted 00:12:00 (3419 turns).

Armakuni the Caller (Human Summoner)                Turns: 3419, Time: 00:12:01

HP:   0/46 (52)     AC:  2    Str: 10    XL:     7   Next: 46%
MP:   11/11         EV: 12    Int: 13    God:    the Shining One [......]
Gold: 156           SH:  7    Dex: 20    Spells: 7/12 levels left

rFire   . . .        a - +8 club
rCold   + + .        k - +1 buckler
rNeg    . . .        m - +0 robe "Nialalem" {rC+ Regen+ Int-2 Dex+6}
rPois   .            (no helmet)
rElec   .            (no cloak)
rCorr   .            (no gloves)
SInv    .            (no boots)
Will    .....        (no amulet)
Stlth   +            J - ring of protection from cold
HPRegen 1.07/turn    (no ring)
MPRegen 0.12/turn

%: no passive effects
@: glowing, heavily drained
A: no striking features
a: Renounce Religion


You were on level 5 of the Dungeon.
You worshipped the Shining One.
The Shining One was noncommittal.
You visited 2 branches of the dungeon, and saw 7 of its levels.

You collected 156 gold pieces.

Inventory:

Hand Weapons
 a - a +8 club (weapon)
 b - a +2 trident of venom
Missiles
 e - 6 curare-tipped darts (quivered)
Armour
 i - an orb of wrath
 k - a +1 buckler (worn)
 m - the +0 robe "Nialalem" (worn) {rC+ Regen+ Int-2 Dex+6}
   (You found it on level 4 of the Dungeon)

   Int-2:     It affects your intelligence (-2).
   Dex+6:     It affects your dexterity (+6).
   rC+:       It protects you from cold.
   Regen+:    It increases your rate of health regeneration.
Jewellery
 J - a ring of protection from cold (left hand)
Wands
 p - a wand of polymorph (13)
Scrolls
 d - 3 scrolls of teleportation
 l - a scroll of fog
Potions
 c - a potion of attraction {unknown}
 g - a potion of cancellation {unknown}
 h - a potion of magic
 j - 2 potions of enlightenment {unknown}


   Skills:
 - Level 3.0 Fighting
 - Level 1.4 Maces & Flails
 - Level 2.0 Dodging
 - Level 2.0 Stealth
 + Level 3.6 Shields
 - Level 3.0 Spellcasting
 + Level 6.0 Summonings


You had 7 spell levels left.
You knew the following spells:

 Your Spells              Type           Power      Damage    Failure   Level
a - Summon Small Mammal   Summ           68%        N/A       2%          1
b - Apportation           Tloc           2%         N/A       32%         1
k - Call Canine Familiar  Summ           17%        N/A       9%          3

Your spell library contained the following spells:

 Spells                   Type           Power      Damage    Failure   Level
 Call Imp                 Summ           34%        N/A       4%          2
 Summon Guardian Golem    Hex/Summ       9%         N/A       28%         3
 Jinxbite                 Hex            2%         N/A       43%         2
 Gell's Gravitas          Tloc           1%         N/A       67%         3
 Volatile Blastmotes      Fire/Tloc      2%         2d10      67%         3
 Summon Lightning Spire   Summ/Air       9%         N/A       67%         4
 Alistair's Intoxication  Tmut/Pois      0%         N/A       100%        5
 Silence                  Hex/Air        0%         N/A       100%        5


Dungeon Overview and Level Annotations

Branches:
Dungeon (6/15)             Temple (1/1) D:4

Altars:
Ashenzari
Cheibriados
Dithmenos
Elyvilon
Fedhas
Gozag
Kikubaaqudgha
Makhleb
Nemelex Xobeh
Okawaru
Sif Muna
Trog
Uskayaw
Vehumet
Wu Jian
Xom
Yredelemnul
Zin
The Shining One


Message History

The Shining One accepts your kill.
Your life force feels restored.
Your Summonings skill increases to level 6!
Things that are here:
a +0 dagger; a +0 robe
There is a stone staircase leading down, spattered with blood here.
You start resting.
HP restored.
You start resting.
Your hound disappears in a puff of smoke!
Magic restored.
You climb downwards.
You block the bullfrog's attack.
The wight hits you with a +3 spear of freezing!
The bullfrog hits you.
There is a stone staircase leading up, spattered with blood here.
Unknown command.
The bullfrog hits you! The wight barely misses you. x2
You block the bullfrog's attack.
You climb upwards.
There is a stone staircase leading down, spattered with blood here.
The wight barely misses you. The wight attacks as it pursues you!
The wight hits you with a +0 scimitar!
You feel drained. The bullfrog barely misses you. The bullfrog hits you.
The wight hits you with a +3 spear of freezing!
* * * LOW HITPOINT WARNING * * *
You feel drained.
* * * LOW HITPOINT WARNING * * *
The wight attacks as it pursues you! The wight barely misses you.
You block the bullfrog's attack.
The wight hits you from afar with a +3 spear of freezing!
* * * LOW HITPOINT WARNING * * *
You feel drained.
* * * LOW HITPOINT WARNING * * *
The bullfrog closely misses you.
You feel better.
The wight hits you from afar with a +3 spear of freezing.
* * * LOW HITPOINT WARNING * * *
The bullfrog closely misses you. The wight hits you with a +0 scimitar.
You die...

#.......# ####.####
####.# ####....#
#....#################
#..>..................
#######################
##[..##...## #####
##..>.zF@...#########....
#......z..............###
#........................
#............############
##..........##
##...##...## ##########


You could see a bullfrog and 2 wights.

Vanquished Creatures
  An ogre (D:4)
  A scorpion (D:4)
  A wight (D:5)
  4 hounds
  An orc priest (D:5)
  Jessica (D:3)
  5 adders
  A shadow imp (D:4)
  A worm (D:3)
  A dart slug (D:3)
  3 orcs (D:5)
  6 ball pythons
  4 endoplasms
  3 giant cockroaches
  10 goblins
  7 hobgoblins
  2 jackals (D:1)
  4 quokkas
  3 bats
  A frilled lizard (D:2)
  9 kobolds
  5 rats
74 creatures vanquished.

Vanquished Creatures (collateral kills)
  2 orcs (D:5)
  3 endoplasms (D:2)
  A giant cockroach (D:1)
  5 goblins
  2 hobgoblins
  A jackal (D:1)
  A ball python (D:2)
  2 bats
  3 rats (D:1)
20 creatures vanquished.

Grand Total: 94 creatures vanquished

Notes
Turn   | Place    | Note
-------+----------+-------------------------------------------
     0 | D:1      | Armakuni the Human Summoner began the quest for the Orb.
     0 | D:1      | Reached XP level 1. HP: 13/13 MP: 3/3
   138 | D:2      | Reached skill level 1 in Fighting
   179 | D:2      | Reached XP level 2. HP: 21/21 MP: 1/5
   436 | D:1      | Reached XP level 3. HP: 23/28 MP: 4/6
  1193 | D:2      | Learned a level 3 spell: Call Canine Familiar
  1193 | D:2      | Upgraded the game from 0.31-a0-971-g75a2e9a4b4 to
                  | 0.31-a0-977-gc230f8ef24
  1236 | D:3      | Reached skill level 1 in Maces & Flails
  1236 | D:3      | Reached XP level 4. HP: 35/35 MP: 4/7
  1268 | D:3      | Noticed Jessica
  1299 | D:3      | Killed Jessica
  1508 | D:3      | Reached XP level 5. HP: 41/41 MP: 8/8
  1696 | D:3      | Found an iron altar of Okawaru.
  2115 | D:4      | Identified the "Fithroetuh"
  2131 | D:4      | Found a shadowy altar of Dithmenos.
  2155 | D:4      | Reached skill level 1 in Shields
  2328 | D:4      | Noticed an ogre
  2347 | D:4      | Killed an ogre
  2348 | D:4      | Reached skill level 5 in Summonings
  2348 | D:4      | Reached XP level 6. HP: 12/47 MP: 5/10
  2561 | D:4      | Found a staircase to the Ecumenical Temple.
  2590 | Temple   | Entered the Ecumenical Temple
  2595 | Temple   | Became a worshipper of Elyvilon the Healer
  2683 | D:4      | Found a glowing golden altar of the Shining One.
  2695 | D:4      | Fell from the grace of Elyvilon
  2695 | D:4      | Became a worshipper of the Shining One
  2707 | D:4      | Identified the +0 robe "Nialalem" {rC+ Regen+ Int-2 Dex+6}
  2752 | D:4      | Found an opulent altar of Gozag.
  2811 | D:4      | Found a shimmering blue altar of Sif Muna.
  2902 | D:5      | Entered Level 5 of the Dungeon
  2923 | D:5      | Reached XP level 7. HP: 48/52 MP: 11/11
  3118 | D:5      | Found a glowing silver altar of Zin.
  3152 | D:5      | Learned a level 1 spell: Apportation
  3387 | D:5      | Reached skill level 6 in Summonings
  3419 | D:5      | Slain by a wight

Illustrated notes

Levels and vault maps discovered:
D:1:      lightli_arrival_chessboard, layout_rooms
D:2:      layout_basic
D:3:      layout_basic, kennysheep_okawaru_gauntlet, uniq_jessica
D:4:      layout_rooms, nicolae_dithmenos_the_darkroom,
          mainiacjoe_overflow_big_doors, kennysheep_mini_moat,
          minmay_temple_entry_water_ring
D:5:      layout_rooms, zin_scriptorium
D:6:      layout_basic, ebering_ghost_xom, serial_shops, shop,
          mrwooster_statue_mirror, grunt_ministairs_6, minmay_misc_feat_rows,
          nicolae_good_shop
Temple:   nicolae_temple_ecumenical_triangle

Skill      XL: |  1  2  3  4  5  6  7 |
---------------+----------------------+-----
Fighting       | 1 2 3 |  3.0
Maces & Flails | 1 |  1.4
Shields        | 2 3 |  3.6
Spellcasting   | 3 |  3.0
Summonings     | 5 6 |  6.0
Dodging        | |  2.0
Stealth        | |  2.0

Action                     |  1- 3 |  4- 6 |  7- 9 || total
---------------------------+-------+-------+-------++-------
  Melee: Whip              |    97 |     2 |       ||    99
         Unarmed           |     2 |     5 |       ||     7
         Trident           |       |   101 |    29 ||   130
         Club              |       |       |     7 ||     7
   Fire: Sling             |    10 |       |       ||    10
   Cast: Summon Small Mamm |    27 |       |       ||    27
         Call Canine Famil |       |     3 |     3 ||     6
    Use: Scroll            |     2 |     3 |     1 ||     6
         Potion            |       |     2 |     1 ||     3
   Stab: Sleeping          |     2 |     6 |       ||     8
 Armour: Robe              |    66 |    44 |    31 ||   141
         Skin              |       |     1 |       ||     1
  Dodge: Dodged            |    91 |    50 |    26 ||   167
  Block: Buckler           |       |     9 |    17 ||    26

Table legend: (Time is in decaauts)
 A = Elapsed time spent in this place.
 B = Non-inter-level travel time spent in this place.
 C = Inter-level travel time spent in this place.
 D = Time resting spent in this place.
 E = Time spent auto-exploring this place.
 F = Levels seen in this place.
 G = Mean time per level.
                   A        B        C        D        E       F      G
               +--------+--------+--------+--------+--------+-----+--------+
         Total |   3504 |   3369 |    135 |    330 |   1990 |   7 |  500.6 |
       Dungeon |   3492 |   3357 |    135 |    330 |   1990 |   6 |  582.0 |
        Temple |     11 |     11 |      0 |      0 |      0 |   1 |   11.0 |
               +--------+--------+--------+--------+--------+-----+--------+

Top non-repeatable levels by time:
     D:3: 962 daAuts
     D:4: 794 daAuts
     D:2: 655 daAuts
     D:1: 549 daAuts
     D:5: 512 daAuts
     D:6: 19 daAuts
  Temple: 11 daAuts
